 Dungeon Crawl Stone Soup version 0.27.1-33-g824d729ab1 (webtiles) character file.

Game seed: 10040878606391445916

32 safid the Skirmisher (level 3, -1/33 HPs)
             Began as a Hill Orc Fighter on Dec 20, 2021.
             Slain by Natasha (6 damage)
             ... on level 2 of the Dungeon.
             The game lasted 00:02:58 (1334 turns).

safid the Skirmisher (Hill Orc Fighter)             Turns: 1334, Time: 00:02:59

Health: -1/33      AC:  6    Str: 19    XL:     3   Next: 27%
Magic:  3/3        EV:  7    Int:  8    God:
Gold:   12         SH:  9    Dex: 10    Spells: 2/2 levels left

rFire    . . .     SeeInvis .   a - +0 war axe
rCold    . . .     Faith    .   c - +0 kite shield
rNeg     . . .     Spirit   .   b - +0 scale mail
rPois    .         Reflect  .   (no helmet)
rElec    .         Harm     .   (no cloak)
rCorr    .         Rampage  .   (no gloves)
Will     .....                  (no boots)
Stlth    ..........             (no amulet)
HPRegen  0.11/turn              (no ring)
MPRegen  0.08/turn              (no ring)

@: slowed, very slow
A: no striking features
a: no special abilities


You were on level 2 of the Dungeon.
You visited 1 branch of the dungeon, and saw 2 of its levels.

You collected 12 gold pieces.

Inventory:

Hand Weapons
 a - a +0 war axe (weapon)
Armour
 b - a +0 scale mail (worn)
 c - a +0 kite shield (worn)
Scrolls
 e - a scroll of fog {unknown}
 g - a scroll of identify {unknown}
 h - a scroll of teleportation {unknown}
 i - a scroll of enchant weapon {unknown}
Potions
 d - a potion of might
 f - 2 potions of flight {unknown}


   Skills:
 + Level 4.0 Fighting
 + Level 3.3 Axes
 + Level 3.6 Armour
 + Level 3.7 Shields


You had 2 spell levels left.
You didn't know any spells.
Your spell library was empty.

Dungeon Overview and Level Annotations

Branches:
Dungeon (2/15)

Altars:

Annotations:
D:2 Natasha


Message History

Natasha is lightly wounded.
You block Natasha's attack.
Natasha stares at you and mumbles some strange words.
The magic dart hits you!
You completely miss Natasha.
Natasha is lightly wounded.
Natasha claws you but does no damage. x2
You hit Natasha.
Natasha is heavily wounded.
You block Natasha's attack. x3
You hit Natasha but do no damage.
Natasha is heavily wounded.
Natasha casts a spell at you.
You feel as though you will be slow longer.
You block Natasha's attack.
You barely miss Natasha.
Natasha is heavily wounded.
You block Natasha's attack. Natasha claws you.
You completely miss Natasha.
Natasha is heavily wounded.
Natasha barely misses you. Natasha claws you.
You are too injured to fight recklessly!
You are too injured to fight recklessly!
You are too injured to fight recklessly!
You are too injured to fight recklessly!
You hit Natasha.
Natasha is severely wounded.
Natasha barely misses you. Natasha claws you. x2
* * * LOW HITPOINT WARNING * * *
Unknown command.
You hit Natasha.
Natasha is almost dead.
Natasha stares at you and mumbles some strange words.
You feel as though you will be slow longer.
You block Natasha's attack.
Unknown command.
You barely miss Natasha.
Natasha is almost dead.
Natasha claws you.
You die...

....<....#......>#.#.#.
##....#.....##.###.#.#.
. ....#.#..#..##.#
#.#...
..##.......†..####
#...^. ......#.#....#
#..... .............#
##....
#.###.##.#........#.....
#........#...####.#.....
..[....#@.#..## #.....
.......##h#..# #.....
....... #.#..# #.....
.#####. #....# #. ###...
#. .. .. .. ...


You could see Natasha.

Vanquished Creatures
  6 bats (D:1)
  2 endoplasms (D:1)
  2 goblins (D:1)
  5 hobgoblins
  4 jackals (D:1)
  A kobold (D:1)
  2 quokkas (D:1)
  A frilled lizard (D:1)
  4 rats
27 creatures vanquished.

Notes
Turn   | Place    | Note
-------+----------+-------------------------------------------
     0 | D:1      | safid the Hill Orc Fighter began the quest for the Orb.
     0 | D:1      | Reached XP level 1. HP: 19/19 MP: 1/1
   287 | D:1      | Found a faded altar of an unknown god.
   369 | D:1      | Reached XP level 2. HP: 21/27 MP: 2/2
   634 | D:1      | Reached skill level 4 in Fighting
   637 | D:1      | Reached XP level 3. HP: 32/33 MP: 3/3
  1320 | D:2      | Noticed Natasha
  1334 | D:2      | Slain by Natasha

Illustrated notes

Levels and vault maps discovered:
D:1:      erik_arrival_orb_chamber, layout_basic, ebering_ecumenical_altar_box,
          minmay_tetromino_l2
D:2:      layout_basic, uniq_natasha

Skill      XL: |  1  2 |
---------------+-------+-----
Axes           | 3 |  3.3
Fighting       | 4 |  4.0
Armour         | |  3.6
Shields        | |  3.7

Action                   || total
-------------------------++-------
Melee: War axe           ||    96
Armor: Scale mail        ||    59
Dodge: Dodged            ||    35
Block: Kite shield       ||    48
